AoeStats
← Marbas

Arena

507748646Analyzed
1v1 RM · 14d ago on Sep 19, 2026· 30m 32s· 2 players
Game mode
Random Map
Map size
Tiny (2 player)
Population
200
Speed
Normal
Resources
Standard
Victory
Conquest
Starting age
Dark Age
Ending age
Imperial Age
RankedLock teamsTeams togetherTeam positionsShared explorationLock speedFull tech treeHidden civsTurbo modeCheats
Victory
Defeat
🇬🇧 Armenians · United Kingdom
1805
+17
🇷🇺 Celts · Russia
1828
-17
JoshDomestique
10:25 Feudal Age
9:03 Loom
14:08 Castle Age
14:18 Double-Bit Axe
16:42 Sanctity
17:07 Bow Saw
19:40 Redemption
24:36 Wheelbarrow
29:12 Hand Cart
Marbas
11:00 Feudal Age
14:52 Castle Age
13:09 Double-Bit Axe
13:44 Horse Collar
16:55 Bow Saw
18:45 Gold Mining
19:42 Town Watch
20:15 Heavy Plow
21:26 Loom
22:22 Light Cavalry
23:37 Stone Mining
26:47 Fletching
28:13 Bodkin Arrow
30:31 Devotion
Connection lost

Rejoining the realm…

Still unreachable

The connection could not be restored.

Session expired

The server has moved on; the page needs a fresh start.